 Dungeon Crawl Stone Soup version 0.29.0-4-gdea44cf6ec (webtiles) character file.

Game seed: 5085951493774072243

12 qw the Sneak (level 2, -3/14 HPs)
             Began as a Felid Delver on Aug 28, 2022.
             Slain by a worm (10 damage)
             ... on level 4 of the Dungeon.
             The game lasted 00:00:09 (384 turns).

qw the Sneak (Felid Delver)                          Turns: 384, Time: 00:00:09

Health: -3/14      AC:  1    Str:  8    XL:     2   Next: 20%
Magic:  3/3        EV: 17    Int: 11    God:
Gold:   8          SH:  0    Dex: 17    Spells: 1/1 levels left
                                        Lives:  0   Deaths: 0

rFire   . . .      SeeInvis +     - Unarmed
rCold   . . .      Faith    .   (shield unavailable)
rNeg    . . .      Spirit   .   (body armour unavailable)
rPois   .          Reflect  .   (helmet unavailable)
rElec   .          Harm     .   (cloak unavailable)
rCorr   .          Rampage  .   (gloves unavailable)
Will    .....                   (boots unavailable)
Stlth   +++.......              (no amulet)
HPRegen 0.04/turn               (no ring)
MPRegen 0.08/turn               (no ring)

@: quick
A: very small, claws 1, fangs 3, see invisible, speed 1, shaggy fur 1, stealthy
paws, no weapons or thrown items, no armour, multi-lived
a: no special abilities


You were on level 4 of the Dungeon.
You visited 1 branch of the dungeon, and saw 2 of its levels.

You collected 8 gold pieces.


Innate Abilities, Weirdness & Mutations

You have sharp claws.
You have razor-sharp teeth.
You have supernaturally acute eyesight. (SInv)
You cover ground quickly. (Speed+)
You are covered in fur. (AC +1)
Your paws help you pounce on unaware monsters.
You are incapable of wielding weapons or throwing items.
You cannot wear armour.
You gain extra lives every three experience levels.


   Skills:
 - Level 3.0 Fighting
 - Level 2.6 Dodging
 - Level 6.6 Stealth
 + Level 2.9 Unarmed Combat


You had one spell level left.
You didn't know any spells.
Your spell library was empty.

Inventory:

Wands
 e - a wand of digging (3)
Potions
 a - a potion of flight {unknown}
 b - a potion of heal wounds {unknown}
 d - a potion of haste

Dungeon Overview and Level Annotations

Branches:
Dungeon (5/15)
 Temple: D:4-7

Altars:


Message History

b - a fuming purple potion A ball python comes into view.
The ball python hisses angrily.
You hear the brisk hiss of an avalanche of sand very nearby.
You closely miss the ball python. The ball python closely misses you.
The ball python completely misses you.
You scratch the ball python.
You kill the ball python!
You see here a ball python corpse.
You now have 8 gold pieces.
A goblin comes into view. It is wielding a +0 club.
Enter note:
Enter note:
Found a scroll labelled XOUFEYSMUR.
You enter the shallow water.
Moving in this stuff is going to be slow.
A worm comes into view.
Found a stone staircase leading up.
Enter note: You open the door.
The goblin shouts!
The goblin unwields a +0 club.
The goblin wields a +0 sling.
The goblin shoots a sling bullet.
The sling bullet hits you.
The goblin shoots a sling bullet.
The sling bullet misses you.
There is an open door, spattered with blood here.
You scratch the goblin but do no damage.
You hear the quick hiss of a very distant avalanche of sand.
The goblin unwields a +0 sling.
The goblin wields a +0 club.
The goblin hits you with a +0 club.
You closely miss the goblin. The goblin hits you with a +0 club.
You completely miss the goblin. You bite the goblin.
You kill the goblin!
You claw the worm!
The worm is heavily wounded.
You scratch the worm.
The worm is almost dead.
The worm bites you!
Ouch! That really hurt!
You die...

# #.# #.. # ## #.#
##.##.# .# #.# .[..
.###.# ##.## #+## .....#
#...# #..~## .#####
###.#.#####..~~~# .#
#...#...~..~~~~..
.#######.#####~~~~~~....
...........#~~~'@w.?....
.##.####...#.###.)......
.##..# #........#....<..
.##..#...######. #.^...#
.......... .. ....##
...####... ### ...##
#### #.P## #.# ##+# ..


You could see a worm.

Vanquished Creatures
  An ufetubus (D:4)
  A dart slug (D:4)
  An orc (D:4)
  A goblin (D:4)
  A ball python (D:4)
5 creatures vanquished.

Notes
Turn   | Place    | Note
-------+----------+-------------------------------------------
     0 | D:5      | qw the Felid Delver began the quest for the Orb.
     0 | D:5      | Reached XP level 1. HP: 10/10 MP: 2/2
     0 | D:5      | 0 ||| qw: Version: 0.1-a-89-g26bdef1
     0 | D:5      | 0 ||| qw: Game counter: 7
     0 | D:5      | 0 ||| qw: Always use a shield: true
     0 | D:5      | 0 ||| qw: God list: Okawaru, Trog
     0 | D:5      | 0 ||| qw: Allow faded altars: false
     0 | D:5      | 0 ||| qw: Do Orc after D:15 true
     0 | D:5      | 0 ||| qw: Do second Lair branch before Depths: true
     0 | D:5      | 0 ||| qw: Lair rune preference: random
     0 | D:5      | 0 ||| qw: Plans: Normal
     0 | D:5      | 0 ||| PLANNING D:1-11
     0 | D:5      | 0 ||| qw: Version: 0.1-a-89-g26bdef1
     0 | D:5      | 0 ||| qw: Game counter: 8
     0 | D:5      | 0 ||| qw: Always use a shield: true
     0 | D:5      | 0 ||| qw: God list: Okawaru
     0 | D:5      | 0 ||| qw: Allow faded altars: false
     0 | D:5      | 0 ||| qw: Do Orc after D:15 true
     0 | D:5      | 0 ||| qw: Do second Lair branch before Depths: true
     0 | D:5      | 0 ||| qw: Lair rune preference: random
     0 | D:5      | 0 ||| qw: Plans: Normal
     0 | D:5      | 0 ||| PLANNING D:1-11
     0 | D:5      | 0 ||| qw: Version: 0.1-a-89-g26bdef1
     0 | D:5      | 0 ||| qw: Game counter: 9
     0 | D:5      | 0 ||| qw: Always use a shield: true
     0 | D:5      | 0 ||| qw: God list: Okawaru
     0 | D:5      | 0 ||| qw: Allow faded altars: false
     0 | D:5      | 0 ||| qw: Do Orc after D:15 true
     0 | D:5      | 0 ||| qw: Do second Lair branch before Depths: true
     0 | D:5      | 0 ||| qw: Lair rune preference: random
     0 | D:5      | 0 ||| qw: Plans: Normal
     0 | D:5      | 0 ||| PLANNING D:1-11
     0 | D:5      | 0 ||| DROPPING scroll of fog.
     1 | D:5      | 1 ||| DROPPING scroll of magic mapping.
     2 | D:5      | 2 ||| DROPPING scroll of fear.
     8 | D:4      | 8 ||| PLANNING OSSUARY
    23 | D:4      | HP: 2/10 [dart slug (2)]
   300 | D:4      | 300 ||| Stepping ~*~*~tactically~*~*~ (water).
   305 | D:4      | Reached XP level 2. HP: 14/14 MP: 3/3
   384 | D:4      | Slain by a worm

Levels and vault maps discovered:
D:4:      corexii_shantytown, layout_loops_corners, minmay_temple_entry_fiery,
          chequers_ossuary_entry_cave, serial_rivers,
          chequers_serial_rivers_marsh, chequers_serial_rivers_large_a,
          chequers_serial_rivers_small_a, chequers_serial_rivers_marsh,
          chequers_serial_rivers_small_3, uniq_blork_the_orc, uniq_natasha
D:5:      layout_rooms, lemuel_blue_sif_altar, minmay_hedge_maze,
          minmay_shop_damaged, nicolae_underground_beach, uniq_menkaure

Action                   || total
-------------------------++-------
Melee: Unarmed           ||    27
       Bite              ||     3
Armor: Skin              ||     1
Dodge: Dodged            ||    26

Table legend:
 A = Non-vault XP
 B = Vault XP
 C = Vault XP percentage of total XP
 D = Non-vault monster count
 E = Vault monster count
 F = Vault count percentage of total count
                 A         B        C        D         E       F
            +---------+---------+-------+---------+---------+-------
      Total |      18 |       0 |   0.0 |       5 |       0 |   0.0
            +---------+---------+-------+---------+---------+-------
        D:4 |      18 |       0 |   0.0 |       5 |       0 |   0.0
            +---------+---------+-------+---------+---------+-------
